 Dungeon Crawl Stone Soup version 0.31-a0-691-g409c26aa35 (webtiles) character file.

Game seed: 11355591995957805436

545 qw the Shooter (level 7, -15/43 HPs)
             Began as a Gargoyle Hunter on Sept 6, 2023.
             Demolished by an ogre
             ... wielding a +0 giant club
              (27 damage)
             ... on level 5 of the Dungeon.
             The game lasted 00:01:27 (2756 turns).

qw the Shooter (Gargoyle Hunter)                    Turns: 2756, Time: 00:01:27

Health: -15/43     AC: 11    Str: 14    XL:     7   Next: 27%
Magic:  7/7        EV: 10    Int: 10    God:
Gold:   172        SH:  0    Dex: 15    Spells: 6/6 levels left

rFire   . . .        e - +0 orcbow
rCold   . . .        (shield currently unavailable)
rNeg    + . .        f - +0 ring mail
rPois   inf          h - +0 helmet
rElec   +            (no cloak)
rCorr   .            (no gloves)
SInv    .            (no boots)
Will    .....        d - amulet of faith
Stlth   +            (no ring)
HPRegen 0.27/turn    (no ring)
MPRegen 0.10/turn

%: faith
@: no status effects
A: sickness immunity, AC +4, negative energy resistance 1, electricity
resistance, torment resistance 1, petrification resistance
a: no special abilities


You were on level 5 of the Dungeon.
You visited 1 branch of the dungeon, and saw 5 of its levels.

You collected 172 gold pieces.


Innate Abilities, Weirdness & Mutations

You are immune to sickness and miasma.
Your stone body is resilient. (AC +4)
You are immune to poison.
You resist negative energy. (rN+)
You are resistant to electric shocks. (rElec)
You are resistant to unholy torment.
You are immune to petrification.


   Skills:
 - Level 4.2 Fighting
 + Level 7.7 Ranged Weapons
 - Level 1.0 Armour
 - Level 1.5 Dodging
 - Level 1.1 Stealth


You had 6 spell levels left.
You didn't know any spells.
Your spell library was empty.

Inventory:

Hand Weapons
 e - a +0 orcbow (weapon)
Armour
 f - a +0 ring mail (worn)
 h - a +0 helmet (worn)
Jewellery
 d - an amulet of faith (around neck)
 j - an amulet of regeneration
Scrolls
 a - 2 scrolls of identify
 c - 2 scrolls of vulnerability {unknown}
 g - a scroll of poison {unknown}
 k - a scroll of revelation {unknown}
Potions
 b - a potion of haste
 i - a potion of cancellation

Dungeon Overview and Level Annotations

Branches:
Dungeon (5/15)
 Temple: D:4-7

Altars:
Hepliaklqana
Nemelex Xobeh
Yredelemnul

Shops:
D:5 (


Message History

The orc is heavily wounded.
The orc barely misses you.
You shoot an arrow. The arrow closely misses the orc.
The orc barely misses you.
You shoot an arrow. The arrow completely misses the orc.
The orc closely misses you.
You shoot an arrow. The arrow closely misses the orc.
The arrow hits the orc!
You kill the orc!
The orc barely misses you. The orc hits you but does no damage.
You shoot an arrow. The arrow hits the orc.
The orc is severely wounded.
You shoot an arrow. The arrow hits the orc.
You kill the orc!
The orc priest closely misses you.
You shoot an arrow. The arrow hits the orc priest.
The orc priest is lightly wounded.
The orc priest barely misses you.
You shoot an arrow. The arrow hits the orc priest!
The orc priest is almost dead.
The orc priest hits you but does no damage.
The orc priest invokes the aid of Beogh against you.
Beogh smites you!
You shoot an arrow.
The arrow closely misses the orc priest.
The orc priest looks encouraged for a moment.
You shoot an arrow.
The arrow completely misses the orc priest.
The orc priest hits you with a +0 flail.
You shoot an arrow.
The arrow closely misses the orc priest.
The orc priest calls down the wrath of Beogh upon you.
Beogh smites you!
The orc priest looks encouraged for a moment.
You shoot an arrow. The arrow hits the orc priest!
You kill the orc priest!
You shoot an arrow. The arrow hits the ogre!
The ogre is heavily wounded.
The ogre hits you with a +0 giant club!!
Ouch! That really hurt!
You die...

# ##.#.##'#......
.#....#......... ##
...........#....
#.####.#....##.#.##
#..........##.}.### .##
#.........####.###.
....##.........# ###.#.#
...........##.#.}.###.7.
#..)@.......#.#.###.#
#.#O###.##..### #.## .).
#......# }.### ###.
#.##....##.###. ..
#.##.###..#.... ..
...... ........ ...
#.##.# ###.#.## ... #.#
.# #


You could see an ogre.

Vanquished Creatures
  Sigmund (D:2)
  A hound (D:4)
  4 orc priests (D:5)
  A sleepcap (D:5)
  Terence (D:2)
  7 adders
  A white imp (D:5)
  A worm (D:2)
  A dart slug (D:1)
  13 orcs
  4 ball pythons
  8 endoplasms
  5 giant cockroaches
  9 hobgoblins
  5 jackals
  3 kobolds
  3 quokkas
  8 bats
  5 frilled lizards
  5 goblins
  7 rats
  A spectral orc (D:3)
94 creatures vanquished.

Notes
Turn   | Place    | Note
-------+----------+-------------------------------------------
     0 | D:1      | qw the Gargoyle Hunter began the quest for the Orb.
     0 | D:1      | Reached XP level 1. HP: 12/12 MP: 1/1
     0 | D:1      | 0 ||| qw: Version: 0.3-a-76-g4403597
     0 | D:1      | 0 ||| qw: Game counter: 19
     0 | D:1      | 0 ||| qw: Melee chars always use a shield: true
     0 | D:1      | 0 ||| qw: God list: Okawaru
     0 | D:1      | 0 ||| qw: Allow faded altars: false
     0 | D:1      | 0 ||| qw: Do Orc after clearing Dungeon:15 true
     0 | D:1      | 0 ||| qw: Do second Lair branch before Depths: true
     0 | D:1      | 0 ||| qw: Lair rune preference: random
     0 | D:1      | 0 ||| qw: Goals: Normal
     0 | D:1      | 0 ||| PLANNING D:1-11
   150 | D:1      | Reached XP level 2. HP: 15/17 MP: 2/2
   551 | D:1      | Reached XP level 3. HP: 21/21 MP: 3/3
   559 | D:1      | Reached skill level 5 in Ranged Weapons
   736 | D:1      | 736 ||| UPGRADING to +0 ring mail.
   746 | D:1      | 746 ||| DROPPING +0 leather armour.
   747 | D:1      | 747 ||| DROPPING scarf of harm.
   748 | D:1      | 748 ||| UPGRADING to amulet of regeneration.
   753 | D:1      | 753 ||| READING scroll labelled ILAYTS PIXEHIEVOUP.
   754 | D:1      | 754 ||| DRINKING 2 blue potions.
   755 | D:1      | 755 ||| DROPPING scroll of butterflies.
   805 | D:2      | 805 ||| STAIRDANCE
   820 | D:2      | Reached skill level 1 in Armour
   864 | D:2      | Reached skill level 3 in Fighting
   864 | D:2      | Reached XP level 4. HP: 28/28 MP: 4/4
   905 | D:2      | Noticed Terence
   920 | D:2      | Killed Terence
  1066 | D:2      | Noticed Sigmund
  1070 | D:2      | 1070 ||| DRINKING potion of curing.
  1070 | D:2      | 1070 ||| (to cure confusion)
  1091 | D:2      | Killed Sigmund
  1092 | D:2      | Reached skill level 6 in Ranged Weapons
  1092 | D:2      | Reached XP level 5. HP: 32/32 MP: 5/5
  1092 | D:2      | Reached XP level 6. HP: 37/37 MP: 6/6
  1319 | D:2      | Found a basalt altar of Yredelemnul.
  1477 | D:2      | 1477 ||| READING scroll labelled YGARUPROHUGU.
  1481 | D:2      | 1481 ||| READING scroll labelled HASMOI GOLITS.
  1482 | D:2      | 1482 ||| READING scroll labelled MUPAEVVINE.
  1483 | D:2      | 1483 ||| READING scroll labelled DEHETI CU QEM.
  1484 | D:2      | 1484 ||| DRINKING 2 golden potions.
  1861 | D:3      | Found a basalt altar of Yredelemnul.
  1884 | D:3      | 1884 ||| DROPPING scarf of invisibility.
  1885 | D:3      | 1885 ||| UPGRADING to +0 helmet.
  1890 | D:3      | 1890 ||| UPGRADING to amulet of faith.
  1900 | D:3      | 1900 ||| READING scroll labelled YHISMU UWIXZAE.
  1901 | D:3      | 1901 ||| DRINKING 2 green potions.
  1902 | D:3      | 1902 ||| READING 4 scrolls of identify.
  1902 | D:3      | 1902 ||| IDENTIFYING smoky clear potion
  1903 | D:3      | 1903 ||| READING 3 scrolls of identify.
  1903 | D:3      | 1903 ||| IDENTIFYING bubbling puce potion
  1904 | D:3      | 1904 ||| DROPPING potion of attraction.
  1905 | D:3      | 1905 ||| DROPPING potion of invisibility.
  2004 | D:4      | Found a hazy altar of Hepliaklqana.
  2005 | D:4      | 2005 ||| SWAPPING to +0 orcbow.
  2006 | D:4      | 2006 ||| DROPPING +0 shortbow.
  2230 | D:4      | Found a sparkling altar of Nemelex Xobeh.
  2515 | D:4      | You fall into a shaft and drop 1 floor!
  2515 | D:5      | Entered Level 5 of the Dungeon
  2601 | D:5      | Reached skill level 7 in Ranged Weapons
  2649 | D:5      | Found Aqousa's Antique Weapon Shoppe.
  2660 | D:5      | 2660 ||| RETREATING.
  2661 | D:5      | 2661 ||| Stepping ~*~*~tactically~*~*~ (outnumbered).
  2664 | D:5      | 2664 ||| Stepping ~*~*~tactically~*~*~ (outnumbered).
  2667 | D:5      | 2667 ||| Stepping ~*~*~tactically~*~*~ (retreating).
  2668 | D:5      | 2668 ||| Stepping ~*~*~tactically~*~*~ (retreating).
  2673 | D:5      | Reached XP level 7. HP: 43/43 MP: 7/7
  2736 | D:5      | 2736 ||| Stepping ~*~*~tactically~*~*~ (outnumbered).
  2756 | D:5      | Demolished by an ogre

Levels and vault maps discovered:
D:1:      co_arrival_random_square_maze, layout_loops_ring,
          minmay_misc_feat_doors, kennysheep_decorative_pillar
D:2:      layout_loops_cross, basic_altar, uniq_terence, uniq_sigmund
D:3:      layout_rooms, yredelemnul_forgotten_temple_becter
D:4:      layout_basic, nzn_hepliaklqana_mist_gate,
          nemelex_xobeh_ov_fountains_minmay
D:5:      layout_basic, grunt_temple_overflow_order_and_chaos_1, serial_shops,
          shop, grunt_decor_mini_mirrors, uniq_blork_the_orc

Skill      XL: |  1  2  3  4  5  6 |
---------------+-------------------+-----
Ranged Weapons | 5 6 7 |  7.7
Armour         | 1 |  1.0
Fighting       | 3 4 |  4.2
Dodging        | |  1.5
Stealth        | |  1.1

Action                     |  1- 3 |  4- 6 |  7- 9 || total
---------------------------+-------+-------+-------++-------
   Fire: Shortbow          |   125 |   146 |       ||   271
         Orcbow            |       |    58 |    36 ||    94
    Use: Potion            |     1 |     3 |       ||     4
         Scroll            |     1 |     7 |       ||     8
 Armour: Leather armour    |    11 |       |       ||    11
         Ring mail         |    19 |    63 |     7 ||    89
  Dodge: Dodged            |    41 |    38 |    15 ||    94

Table legend:
 A = Non-vault XP
 B = Vault XP
 C = Vault XP percentage of total XP
 D = Non-vault monster count
 E = Vault monster count
 F = Vault count percentage of total count
                 A         B        C        D         E       F
            +---------+---------+-------+---------+---------+-------
      Total |     503 |     276 |  35.4 |      91 |       3 |   3.2
            +---------+---------+-------+---------+---------+-------
        D:1 |      48 |       0 |   0.0 |      30 |       0 |   0.0
        D:2 |      94 |     275 |  74.5 |      25 |       2 |   7.4
        D:3 |      29 |       1 |   3.3 |      11 |       1 |   8.3
        D:4 |      75 |       0 |   0.0 |      11 |       0 |   0.0
        D:5 |     257 |       0 |   0.0 |      14 |       0 |   0.0
            +---------+---------+-------+---------+---------+-------
